 Dungeon Crawl Stone Soup version 0.27.0-1-g7a089689b8 (webtiles) character file.

Game seed: 6911266342652335094

108919 theswoord the Fighter (level 16, -6/133 HPs)
             Began as a Demonspawn Gladiator on Aug 6, 2021.
             Was the Champion of Wu Jian.
             Killed from afar by a tengu reaver (42 damage)
             ... with a bolt of lightning
             ... on level 14 of the Dungeon.
             The game lasted 01:00:58 (36401 turns).

theswoord the Fighter (Demonspawn Gladiator)       Turns: 36401, Time: 01:00:59

Health: -6/133     AC: 20    Str: 17    XL:     16   Next: 3%
Magic:  16/16      EV: 21    Int: 11    God:    Wu Jian [******]
Gold:   407        SH:  0    Dex: 20    Spells: 15/15 levels left

rFire    . . .     SeeInvis .   a - +3 quarterstaff (flame)
rCold    + . .     Faith    +   (shield currently unavailable)
rNeg     . . .     Spirit   .   U - +1 ice dragon scales
rPois    .         Reflect  .   (helmet restricted)
rElec    .         Harm     +   x - scarf {harm}
rCorr    .         Rampage  .   w - +2 pair of gloves
Will     +....                  (boots unavailable)
Stlth    ..........             C - amulet of faith
HPRegen  0.32/turn              D - ring of fire
MPRegen  0.15/turn              n - +4 ring of evasion

@: studying Conjurations
A: talons 3, ignite blood 2, sharp scales 2, demonic magic 1, antennae 1, agile
1, evolution 1, MP-powered wands
a: Renounce Religion, Wall Jump, Serpent's Lash, Heavenly Storm


You were on level 14 of the Dungeon.
You worshipped Wu Jian.
Wu Jian was exalted by your worship.
You visited 4 branches of the dungeon, and saw 23 of its levels.
You also visited: Sewer and Gauntlet.

You collected 2048 gold pieces.
You spent 1641 gold pieces at shops.

Inventory:

Hand Weapons
 a - a +3 quarterstaff of flaming (weapon)
 o - a +4 quarterstaff of chaos
 u - the +4 morningstar of the Yoke {spect, Str+6 Dex+4}
   (You bought it in a shop on level 12 of the Dungeon)

   When its wielder attacks, the weapon's spirit leaps out and strikes again.
   The spirit shares a part of any damage it takes with its wielder.
   Str:       It affects your strength (+6).
   Dex:       It affects your dexterity (+4).
Missiles
 y - a throwing net
 H - 3 curare-tipped darts (quivered)
Armour
 c - a +0 helmet
 q - a +0 cloak of willpower
 w - a +2 pair of gloves (worn)
 x - a scarf of harm (worn)
 A - +0 steam dragon scales
 U - +1 ice dragon scales (worn)
Jewellery
 h - a ring of willpower
 i - a ring of see invisible
 n - a +4 ring of evasion (right hand)
 t - a +6 ring of dexterity
 B - an amulet of the acrobat
 C - an amulet of faith (around neck)
 D - a ring of fire (left hand)
 R - a ring of ice
 X - a ring of protection from cold
Wands
 d - a wand of paralysis (14)
 g - a wand of iceblast (33)
 N - a wand of mindburst (9)
 P - a wand of acid (6)
 W - a wand of digging (14)
Scrolls
 f - a scroll of holy word
 j - 2 scrolls of fear
 p - 4 scrolls of enchant armour
 s - 2 scrolls of teleportation
 v - a scroll of fog
 F - 4 scrolls of immolation
 I - 3 scrolls of enchant weapon
 M - a scroll of vulnerability
 T - 6 scrolls of identify
 V - 4 scrolls of magic mapping
Potions
 b - 2 potions of might
 e - 2 potions of flight
 l - 8 potions of curing
 r - 4 potions of lignification
 z - 2 potions of cancellation
 E - 2 potions of magic
 G - 3 potions of mutation
 J - 3 potions of attraction
 K - 2 potions of haste
 L - 3 potions of resistance
 O - a potion of berserk rage
Miscellaneous
 k - a box of beasts (inert)
 m - a phial of floods


   Skills:
 + Level 14.1 Fighting
 - Level 2.9(9.7) Maces & Flails
 - Level 14.0(14.1) Staves
 - Level 1.7 Throwing
 + Level 13.0 Armour
 + Level 13.2 Dodging


You had 15 spell levels left.
You didn't know any spells.
Your spell library contained the following spells:

 Spells                   Type           Power      Damage    Failure   Level
 Beastly Appendage        Tmut           0%         N/A       71%         1
 Shock                    Conj/Air       0%         1d3       71%         1
 Sublimation of Blood     Necr           0%         N/A       85%         2
 Wereblood                Tmut           0%         N/A       85%         2
 Spider Form              Tmut/Pois      0%         N/A       97%         3
 Summon Hydra             Summ           0%         N/A       100%        7


Dungeon Overview and Level Annotations

Branches:
Dungeon (14/15)            Temple (1/1) D:5            Lair (6/6) D:10
  Swamp (0/4) Lair:3        Snake (0/4) Lair:4        Slime (0/5) Lair:5
    Orc (2/2) D:12            Elf (0/3) Orc:2        Vaults (0/5) D:13
  Sewer (visited)         Gauntlet (visited)

Altars:
Ashenzari
Cheibriados
Dithmenos
Elyvilon
Fedhas
Gozag
Hepliaklqana
Kikubaaqudgha
Makhleb
Nemelex Xobeh
Okawaru
Qazlal
Ru
Sif Muna
Trog
Uskayaw
Vehumet
Wu Jian
Xom
Yredelemnul
Zin
The Shining One
Lugonu

Shops:
D:12 [[!(   D:14 *   Orc:2 ==[=

Portals:
Trove: D:13 (give +6 demon blade)

Annotations:
D:8 exclusion: moth of wrath
D:9 1 exclusion
Lair:3 exclusion: oklob plant


Innate Abilities, Weirdness & Mutations

You have claws for feet.
Your demonic aura often causes spilled blood to erupt in flames.
You are mostly covered in razor-sharp scales. (AC +2, Slay +2)
Spells you cast may paralyse adjacent enemies.
You have a pair of small antennae on your head.
You are agile. (Dex +2)
You evolve.
You expend magic power (3 MP) to strengthen your wands.


Message History

The emperor scorpion is heavily wounded.
You hit the emperor scorpion. You burn the emperor scorpion.
You claw the emperor scorpion, but do no damage.
The emperor scorpion is heavily wounded.
The emperor scorpion misses you. The emperor scorpion barely misses you.
The emperor scorpion claws you.
You closely miss the emperor scorpion. Your kick misses the emperor scorpion.
The emperor scorpion is heavily wounded.
The emperor scorpion barely misses you.
The emperor scorpion closely misses you. x2
You hit the emperor scorpion but do no damage.
You claw the emperor scorpion, but do no damage.
The emperor scorpion is heavily wounded.
You closely miss the emperor scorpion.
The emperor scorpion is heavily wounded.
The tengu reaver points at you and mumbles some strange words.
The bolt of fire hits you!!!
The emperor scorpion completely misses you.
The emperor scorpion claws you but does no damage.
The emperor scorpion misses you. The snapping turtle misses you.
You hit the emperor scorpion. You burn the emperor scorpion.
You claw the emperor scorpion, but do no damage.
The emperor scorpion is heavily wounded.
You hit the emperor scorpion but do no damage.
You claw the emperor scorpion, but do no damage.
The emperor scorpion is heavily wounded.
The tengu reaver points at you and mumbles some strange words.
The bolt of acid hits you!!
* * * LOW HITPOINT WARNING * * *
You are splashed with acid!
* * * LOW HITPOINT WARNING * * *
The emperor scorpion stings you!
* * * LOW HITPOINT WARNING * * *
You are lethally poisoned!
The emperor scorpion poisons you! The emperor scorpion misses you. x2
The snapping turtle closely misses you.
You feel better.
The tengu reaver points at you and mumbles some strange words.
The bolt of lightning hits you!!
You die...

#...............##.
###...............###
###.................... ##
##.#.................... .#####
#...≈≈÷≈≈≈≈≈≈≈≈≈≈≈≈≈≈≈≈≈ .....##
#...≈################### ......#
##...≈#$.Q....)..........
......###....≈#..st..÷...........
..##..##.....≈#.@#######''#######
.##...##...(.≈#[☼#.p..{{..^.....#
.#.....#.....≈#..#..........B...#
.......#.....≈#..#c.##########..#
#...∩........≈#..#. .#
#......#####.≈#..# # .......#
#...≈#..# # ......## ##..≈#..# #
......####...≈#..#{ #


You could see an emperor scorpion, a tengu reaver and a snapping turtle.

Vanquished Creatures
  A minotaur (Gauntlet)
  Snorg (D:14)
  An ettin (D:14)
  A blizzard demon (Gauntlet)
  10 hydras
  Harold (Orc:1)
  An ice dragon (D:13)
  4 vault guards (D:13)
  4 boulder beetles (D:14)
  6 centaur warriors
  3 catoblepae
  5 two-headed ogres
  2 death knights
  A deep troll shaman (Lair:6)
  6 death yaks
  Erica (D:11)
  7 orc high priests (Orc:2)
  2 tengu warriors
  Urug (Orc:1)
  Sonja (D:10)
  A wretched star (Gauntlet)
  2 bog bodies (Lair:3)
  2 phantasmal warriors
  7 orc knights (Orc:2)
  3 wizards (D:14)
  A deep elf pyromancer (D:13)
  An orc sorcerer (Orc:1)
  8 ugly things
  4 cyclopes
  5 manticores
  28 elephants
  Maurice (D:9)
  Joseph (D:7)
  3 black mambas
  A black mamba (shapeshifter) (D:13)
  A gargoyle (D:8)
  An ice statue (Lair:6)
  14 cane toads
  11 komodo dragons
  An ice devil (Gauntlet)
  An unseen horror (D:10)
  A yaktaur (D:14)
  4 freezing wraiths
  5 rime drakes
  A tengu conjurer (D:14)
  A troll (shapeshifter) (D:14)
  6 trolls
  5 polar bears
  A hornet (shapeshifter) (D:14)
  A raiju (shapeshifter) (D:13)
  5 slime creatures
  7 blink frogs
  11 dream sheep
  A shadow (D:11)
  66 yaks
  A centaur simulacrum (D:14)
  3 wraiths (D:13)
  8 basilisks
  3 wyverns
  4 steam dragons
  13 vampire mosquitoes
  3 swamp worms (Lair:3)
  2 acid dragons
  8 water moccasins
  Purgy (Sewer)
  8 ice beasts
  3 black bears
  29 orc warriors
  A sky beast (D:6)
  6 wolves (Lair:6)
  8 centaurs
  8 ogres
  A phantom (D:6)
  2 kobold brigands
  11 bullfrogs
  5 scorpions
  A wyvern zombie (D:6)
  3 small abominations (Gauntlet)
  A water moccasin skeleton (D:7)
  5 killer bees
  3 wights (D:10)
  4 howler monkeys
  4 electric eels
  7 centaur zombies
  9 hounds
  Crazy Yiuf (D:3)
  2 centaur skeletons (D:7)
  12 jellies
  38 orc priests
  A gnoll shaman (D:8)
  Terence (D:3)
  Jessica (D:2)
  2 iguanas
  27 orc wizards
  6 hell rats (Lair:6)
  2 howler monkey zombies
  Robin (D:2)
  9 adders
  3 gnolls (D:8)
  A howler monkey skeleton (D:5)
  2 river rats (D:5)
  19 white imps
  3 ufetubi
  An adder skeleton (D:4)
  2 worms
  3 dart slugs
  73 orcs
  4 bats
  7 endoplasms
  3 giant cockroaches
  9 goblins
  11 hobgoblins
  13 ball pythons
  5 frilled lizards
  10 kobolds
  10 rats
718 creatures vanquished.

Vanquished Creatures (collateral kills)
  An acid dragon (D:14)
1 creature vanquished.

Vanquished Creatures (others)
  A centaur (D:12)
  An adder (D:3)
  A worm (D:3)
  A dart slug (D:3)
  2 orcs (D:3)
  A giant cockroach (D:3)
  A hobgoblin (D:3)
  A quokka (D:3)
  A bush (Lair:6)
  37 fungi
  40 plants
87 creatures vanquished.

Grand Total: 806 creatures vanquished

Notes
Turn   | Place    | Note
-------+----------+-------------------------------------------
     0 | D:1      | theswoord the Demonspawn Gladiator began the quest for the
                  | Orb.
     0 | D:1      | Reached XP level 1. HP: 16/16 MP: 1/1
   448 | D:1      | Found a faded altar of an unknown god.
   470 | D:1      | Gained mutation: You are partially covered in razor-sharp
                  | scales. (AC +1, Slay +1) [demonic ancestry]
   470 | D:1      | Reached XP level 2. HP: 22/22 MP: 2/2
   831 | D:2      | Found a stormy altar of Qazlal.
   942 | D:2      | Noticed Robin
   985 | D:2      | Reached XP level 3. HP: 11/27 MP: 3/3
  1458 | D:2      | Noticed Jessica
  1462 | D:2      | Killed Jessica
  1597 | D:2      | Gained mutation: You are mostly covered in razor-sharp
                  | scales. (AC +2, Slay +2) [demonic ancestry]
  1597 | D:2      | Reached XP level 4. HP: 28/33 MP: 4/4
  1606 | D:2      | Killed Robin
  1875 | D:3      | Found a shimmering altar of Xom.
  2217 | D:3      | Reached skill level 5 in Staves
  2281 | D:3      | Noticed Terence
  2290 | D:3      | Killed Terence
  2291 | D:3      | Gained mutation: Your demonic aura sometimes causes spilled
                  | blood to erupt in flames. [demonic ancestry]
  2291 | D:3      | Reached XP level 5. HP: 35/38 MP: 5/5
  2756 | D:3      | Found a runed translucent door.
  2757 | D:3      | Noticed Crazy Yiuf
  2770 | D:3      | Killed Crazy Yiuf
  3118 | D:4      | Noticed a black bear
  3410 | D:4      | Killed a black bear
  3411 | D:4      | Gained mutation: You have sharp toenails. [demonic
                  | ancestry]
  3411 | D:4      | Reached XP level 6. HP: 26/44 MP: 6/6
  3716 | D:4      | Found a shimmering blue altar of Sif Muna.
  3727 | D:4      | Found an ancient bone altar of Kikubaaqudgha.
  3746 | D:4      | Found a radiant altar of Vehumet.
  3807 | D:4      | Got Vehumet's Reference Book on Battle Magic
  3916 | D:4      | Reached XP level 7. HP: 50/50 MP: 7/7
  4133 | D:5      | Entered Level 5 of the Dungeon
  4140 | D:5      | Found a burning altar of Makhleb.
  4247 | D:5      | Found a glowing drain.
  4269 | Sewer    | Entered a sewer
  4454 | Sewer    | Noticed Purgy
  4467 | Sewer    | Killed Purgy
  4726 | D:5      | Reached XP level 8. HP: 52/56 MP: 8/8
  5043 | D:5      | Found a staircase to the Ecumenical Temple.
  5053 | Temple   | Entered the Ecumenical Temple
  5364 | D:5      | Found a hazy altar of Hepliaklqana.
  5783 | D:6      | Reached skill level 10 in Staves
  5963 | D:6      | Found a sacrificial altar of Ru.
  5976 | D:6      | Gained mutation: You have razor-sharp toenails. [demonic
                  | ancestry]
  5976 | D:6      | Reached XP level 9. HP: 58/61 MP: 9/9
  7644 | D:7      | Found a shadowy altar of Dithmenos.
  7982 | D:7      | Noticed a cyclops
  8222 | D:7      | Killed a cyclops
  8425 | D:7      | Noticed a komodo dragon
  8750 | D:7      | Killed a komodo dragon
  8751 | D:7      | Reached XP level 10. HP: 60/67 MP: 10/10
  8908 | D:7      | Found a basalt altar of Yredelemnul.
  9186 | D:7      | Noticed Joseph
  9201 | D:7      | Killed Joseph
  9797 | D:8      | Found an ornate altar of the Wu Jian Council.
  9866 | D:8      | Became a worshipper of the Wu Jian Council
  9917 | D:8      | Noticed a gargoyle
  9921 | D:8      | Killed a gargoyle
  9939 | D:8      | Noticed a moth of wrath
  9942 | D:8      | Found a bloodstained altar of Trog.
  9971 | D:8      | Identified the +10 dagger of Cobwebs {flame, Will+ Str+2}
 10692 | D:9      | Noticed Maurice
 10696 | D:9      | Paralysed by Maurice for 4 turns
 10704 | D:9      | Killed Maurice
 10705 | D:9      | Reached skill level 1 in Armour
 10988 | D:8      | Found a snail-covered altar of Cheibriados.
 10988 | D:8      | Found a stormy altar of Qazlal.
 11164 | D:9      | Reached * piety under Wu Jian
 11439 | D:9      | Found an iron altar of Okawaru.
 11532 | D:10     | Entered Level 10 of the Dungeon
 11609 | D:10     | Noticed a two-headed ogre
 11614 | D:10     | Killed a two-headed ogre
 11860 | D:10     | Gained mutation: You have claws for feet. [demonic
                  | ancestry]
 11860 | D:10     | Reached XP level 11. HP: 78/78 MP: 11/11
 11897 | D:10     | Found a staircase to the Lair.
 12072 | D:10     | Reached skill level 5 in Dodging
 12076 | D:10     | Reached skill level 5 in Fighting
 12456 | D:10     | Noticed Sonja
 12465 | D:10     | Killed Sonja
 12577 | D:10     | Noticed a two-headed ogre
 12583 | D:10     | Killed a two-headed ogre
 13012 | Lair:1   | Entered Level 1 of the Lair of Beasts
 13050 | Lair:1   | Reached skill level 5 in Armour
 13557 | Lair:1   | Reached ** piety under Wu Jian
 14198 | Lair:1   | You fall into a shaft and drop 1 floor!
 14291 | Lair:2   | Noticed an eight-headed hydra
 14298 | Lair:2   | Killed an eight-headed hydra
 14519 | Lair:2   | Reached XP level 12. HP: 91/91 MP: 12/12
 14744 | Lair:2   | Noticed a five-headed hydra
 14749 | Lair:2   | Killed a five-headed hydra
 15137 | Lair:1   | Noticed a six-headed hydra
 15144 | Lair:1   | Killed a six-headed hydra
 15606 | Lair:3   | Noticed a seven-headed hydra
 15616 | Lair:3   | Killed a seven-headed hydra
 16243 | Lair:3   | Noticed a five-headed hydra
 16247 | Lair:3   | Killed a five-headed hydra
 16868 | Lair:3   | Found a staircase to the Swamp.
 17113 | Lair:4   | Found a staircase to the Snake Pit.
 17491 | Lair:4   | Reached *** piety under Wu Jian
 17920 | Lair:4   | Reached XP level 13. HP: 101/101 MP: 13/13
 18451 | Lair:5   | Found a staircase to the Slime Pits.
 18801 | Lair:4   | Reached skill level 10 in Fighting
 19722 | Lair:5   | Reached **** piety under Wu Jian
 20052 | Lair:6   | Entered Level 6 of the Lair of Beasts
 20181 | Lair:6   | Reached skill level 10 in Dodging
 20273 | Lair:6   | Found a frozen archway.
 20287 | Lair:6   | Found a gate leading to a gauntlet.
 20294 | Gauntlet | Entered a Gauntlet
 20294 | Gauntlet | Found a transporter.
 20542 | Gauntlet | Found a transporter.
 20556 | Gauntlet | Found a runed translucent gate.
 20556 | Gauntlet | Found a runed translucent gate.
 20556 | Gauntlet | Found a runed translucent gate.
 20558 | Gauntlet | Found a transporter.
 20562 | Gauntlet | Found a transporter.
 20585 | Gauntlet | Found a transporter.
 20587 | Gauntlet | Noticed a green death
 20595 | Gauntlet | Found a transporter.
 20598 | Gauntlet | Found a transporter.
 20602 | Gauntlet | Found a transporter.
 20625 | Gauntlet | Found a transporter.
 20633 | Gauntlet | Found a transporter.
 20633 | Gauntlet | Found a transporter.
 20637 | Gauntlet | Noticed a blizzard demon
 20642 | Gauntlet | Found a transporter.
 20763 | Gauntlet | Killed a blizzard demon
 21113 | Gauntlet | Noticed a minotaur
 21127 | Gauntlet | Killed a minotaur
 21132 | Gauntlet | Identified the +0 scale mail "Saere" {Int+6}
 21132 | Gauntlet | Identified the +0 robe of Noenk {rN+}
 21335 | Lair:5   | Reached skill level 10 in Armour
 22022 | Lair:5   | Reached ***** piety under Wu Jian
 22037 | Lair:5   | Reached XP level 14. HP: 43/113 MP: 14/14
 24920 | D:11     | Noticed Erica
 24927 | D:11     | Killed Erica
 25504 | D:11     | Found a burning altar of Makhleb.
 26252 | D:12     | Found a staircase to the Orcish Mines.
 26287 | D:12     | Found Cougot Inlea's Antique Armour Shoppe.
 26290 | D:12     | Found Mani's Distillery.
 26290 | D:12     | Found Dimivif's Antique Weapon Shoppe.
 26292 | D:12     | Found Awnoiwol's Armour Shoppe.
 26298 | D:12     | Bought a crude morningstar for 297 gold pieces
 26298 | D:12     | Identified the +4 morningstar of the Yoke {spect, Str+6
                  | Dex+4} (You bought it in a shop on level 12 of the Dungeon)
 26304 | D:12     | Bought an embroidered scarf for 184 gold pieces
 26889 | D:13     | Reached skill level 1 in Maces & Flails
 27115 | D:13     | Found a gate to the Vaults.
 27668 | D:13     | Gained mutation: Spells you cast may paralyse adjacent
                  | enemies. [demonic ancestry]
 27668 | D:13     | Reached XP level 15. HP: 97/122 MP: 15/15
 28253 | D:12     | Gained mutation: You have a pair of small antennae on your
                  | head. [potion of mutation]
 28253 | D:12     | Gained mutation: You expend magic power (3 MP) to
                  | strengthen your wands. [potion of mutation]
 28253 | D:12     | Gained mutation: You evolve. [potion of mutation]
 28494 | D:13     | Gained mutation: You are agile. (Dex +2) [evolution]
 29379 | D:13     | Found a portal to a secret trove of treasure.
 29587 | D:12     | Bought a potion of might for 52 gold pieces
 29587 | D:12     | Bought a potion of curing for 39 gold pieces
 29587 | D:12     | Bought a potion of curing for 39 gold pieces
 29587 | D:12     | Bought a potion of heal wounds for 65 gold pieces
 29587 | D:12     | Bought 2 potions of heal wounds for 130 gold pieces
 29587 | D:12     | Bought a potion of heal wounds for 65 gold pieces
 29587 | D:12     | Bought a potion of haste for 130 gold pieces
 29635 | Orc:1    | Entered Level 1 of the Orcish Mines
 29637 | Orc:1    | Noticed Harold
 29854 | Orc:1    | Killed Harold
 30202 | Orc:1    | Noticed Urug
 30210 | Orc:1    | Killed Urug
 30576 | Orc:2    | Entered Level 2 of the Orcish Mines
 31108 | Orc:2    | Found a staircase to the Elven Halls.
 32817 | Orc:2    | Found Qonozosm's Jewellery Shoppe.
 32820 | Orc:2    | Found Laeffed's Armour Emporium.
 32821 | Orc:2    | Found Pireobb's Jewellery Shoppe.
 32822 | Orc:2    | Found Unnun's Jewellery Shoppe.
 32829 | Orc:2    | Bought an amulet of faith for 640 gold pieces
 34364 | D:14     | Noticed Snorg
 34372 | D:14     | Killed Snorg
 34729 | D:14     | Found Qumouto's General Store.
 34804 | D:14     | Paralysed by a hornet for 1 turns
 34945 | D:14     | Found a shadowy altar of Dithmenos.
 36016 | D:14     | Gained mutation: Your demonic aura often causes spilled
                  | blood to erupt in flames. [demonic ancestry]
 36016 | D:14     | Reached XP level 16. HP: 81/133 MP: 16/16
 36016 | D:14     | Reached ****** piety under Wu Jian
 36390 | D:14     | Noticed a tengu reaver
 36401 | D:14     | Killed from afar by a tengu reaver

Skill      XL: |  1  2  3  4  5  6  7  8  9 10 11 12 13 14 15 16 |
---------------+-------------------------------------------------+-----
Staves         | 3 4 5 6 7 9 11 13 14 | 14.0
Armour         | 3 6 8 10 11 12 13 | 13.0
Dodging        | 4 7 9 10 12 13 | 13.2
Fighting       | 4 7 9 11 12 14 | 14.1
Maces & Flails | 2 |  2.9
Throwing       | |  1.7

Action                   |  1- 3 |  4- 6 |  7- 9 | 10-12 | 13-15 | 16-18 || total
-------------------------+-------+-------+-------+-------+-------+-------++-------
Melee: Quarterstaff      |    77 |   107 |   263 |   543 |  1519 |    36 ||  2545
       Kick              |       |     4 |    20 |   137 |   610 |    14 ||   785
       Morningstar       |       |       |       |       |    25 |       ||    25
Throw: Throwing net      |     1 |       |     2 |     2 |       |       ||     5
       Dart              |       |       |       |     3 |     1 |     1 ||     5
Invok: Lunge             |       |       |       |    32 |    95 |     2 ||   129
       Whirlwind         |       |       |       |     7 |    78 |     1 ||    86
       Serpent's Lash    |       |       |       |       |     1 |       ||     1
       Heavenly Storm    |       |       |       |       |     2 |       ||     2
Evoke: Wand              |       |       |       |    14 |     4 |       ||    18
       Box of beasts     |       |       |       |       |     2 |       ||     2
       Phial of floods   |       |       |       |       |     1 |       ||     1
  Use: Scroll            |     6 |     2 |    12 |     7 |    12 |       ||    39
       Potion            |     1 |       |     6 |     2 |    14 |     1 ||    24
 Stab: Invisible         |       |       |       |     3 |       |       ||     3
       Distracted        |       |       |       |     1 |     1 |       ||     2
       Sleeping          |       |       |       |     2 |       |       ||     2
       Petrified         |       |       |       |       |     3 |       ||     3
Armor: Leather armour    |     7 |       |       |       |       |       ||     7
       Chain mail        |    29 |    68 |    50 |       |       |       ||   147
       Plate armour      |       |       |   125 |    20 |       |       ||   145
       Steam dragon scal |       |       |       |   112 |    43 |       ||   155
       Ice dragon scales |       |       |       |       |   430 |    11 ||   441
Dodge: Dodged            |    39 |    35 |    65 |   285 |  1026 |    23 ||  1473

Levels and vault maps discovered:
D:1:      psy_arrival_heroes, layout_loops_ring, shapermc_ecumenical_altar_venn
D:2:      layout_basic, basic_altar, uniq_robin, uniq_jessica
D:3:      layout_loops_corners, xom_confusion_cloud, uniq_terence,
          uniq_crazy_yiuf_cottage
D:4:      layout_loops_ring, palyth_temple_overflow_mages,
          mainiacjoe_overflow_catwalk, minmay_misc_feat_square
D:5:      layout_basic, worldfamousw_hep_ancestral_shrine,
          mainiacjoe_overflow_brackets, temple_hall, portal_sewer_entry_b,
          minmay_chambers_of_fives
D:6:      layout_loops_corners, kennysheep_mini_moat
D:7:      layout_loops_corners, lemuel_crystal_altar,
          mainiacjoe_overflow_large_starburst, chequers_serial_rivers_micro_d,
          grunt_decor_one_mirror, minmay_fountain_box,
          chequers_serial_rivers_micro_b, uniq_joseph
D:8:      layout_basic, tgw_trog, mainiacjoe_overflow_paths,
          nicolae_overflow_hidden_temple, dk_noncrumbling_2
D:9:      layout_basic, kennysheep_okawaru_gauntlet, uniq_maurice
D:10:     minmay_skewed_foursquare, layout_loops_corners, uniq_sonja
D:11:     layout_loops_cross, bloody_makhleb, uniq_erica
D:12:     layout_gridville, orc_0_dummy, minmay_shop_grid_forest,
          hangedman_decor_push, kennysheep_generic_room_4
D:13:     layout_basic, lightli_vaults_fourway_checkpoint,
          nicolae_trove_entry_diagonal
D:14:     lemuel_traditional_vault, layout_cave_pools, serial_shops, shop,
          nicolae_dithmenos_through_a_glass_darkly, uniq_snorg
Temple:   corrupted_temple
Lair:1:   layout_concentric_octagons
Lair:2:   layout_regular_city
Lair:3:   layout_long_grid, nicolae_swamp_entry_splash_gauntlet,
          grunt_megastairs_4, infiniplex_staircase_pool,
          minmay_lair_oklob_chamber
Lair:4:   layout_roguey, guppyfry_snake_entry_island, cheibrodos_lair_lostbears,
          grunt_megastairs_2
Lair:5:   layout_hall_layers, minmay_slime_entry_jelly_boxes
Lair:6:   grunt_lair_end_beastmaster, layout_misc_corridors,
          portal_ice_cave_entry_imps, gauntlet_entry_generic,
          nicolae_quartered_pool_medium, ice2_lemuel
Orc:1:    layout_caves, uniq_harold, uniq_urug
Orc:2:    st_orc_pillars, layout_diamond_mine
